 Dungeon Crawl Stone Soup version 0.13-b1-45-g38f3f9b (webtiles) character file.

375 Lilouch the Slasher (level 6, -4/48 HPs)
             Began as a Mummy Fighter on Oct 9, 2013.
             Slain by Crazy Yiuf
             ... wielding a +2,+3 quarterstaff of chaos
              (8 damage)
             ... on Level 3 of the Dungeon.
             The game lasted 00:13:50 (17358 turns).

Lilouch the Slasher (Mummy Fighter)                Turns: 17358, Time: 00:13:52

HP  -4/48        AC  6     Str 21      XL: 6   Next:  4%
MP   5/5         EV  6     Int  7      God:
Gold 99          SH 19     Dex 11      Spells:  0 memorised,  5 levels left

Res.Fire  : x . .   See Invis. : .   a - +0,-2 falchion
Res.Cold  : + . .   Warding    : .   b - +0 scale mail
Life Prot.: + + +   Conserve   : .   c - +0 shield
Res.Poison: +       Res.Corr.  : .   (no helmet)
Res.Elec. : .       Clarity    : .   (no cloak)
Sust.Abil.: . .     Spirit.Shd : .   (no gloves)
Res.Mut.  : .       Stasis     : .   (no boots)
Res.Rott. : +       Flight     : .   (no amulet)
Saprovore : . . .                    (no ring)
                                     (no ring)

@: slowed, very slow, somewhat resistant to hostile enchantments, extremely
unstealthy
A: no food or potions, fire vulnerability, restore body, cold resistance 1, life
protection 3, poison resistance, torment resistance, unbreathing
a: no special abilities


You were on level 3 of the Dungeon.
You were not hungry.

You visited 1 branch of the dungeon, and saw 3 of its levels.

You collected 79 gold pieces.

Inventory:

Hand weapons
 a - a +0,-2 falchion (weapon)
 o - a +0,+0 sling
 t - a +0,+0 halberd
Missiles
 f - 45 darts (quivered)
 h - 18 sling bullets
 m - 3 javelins of penetration
 p - 31 stones
 u - 7 darts of dispersal
Armour
 b - a +0 scale mail (worn)
 c - a +0 shield (worn)
Comestibles
 d - 2 meat rations
 g - a choko
 l - 4 pears
 n - a bread ration
Scrolls
 i - a scroll of remove curse {unknown}
 j - 7 scrolls of identify {unknown}
 q - a scroll of curse armour {unknown}
 r - a scroll of magic mapping {unknown}
 s - a scroll of noise {unknown}
Potions
 e - 2 potions of curing {unknown}
 k - a potion of mutation {unknown}
 v - 2 potions of brilliance {unknown}


   Skills:
 - Level 3.1 Fighting
 * Level 3.7 Long Blades
 + Level 3.4 Armour
 + Level 3.5 Shields


You had 5 spell levels left.
You didn't know any spells.

Dungeon Overview and Level Annotations

Branches:
Dungeon (3/27)

Altars:

Annotations:
D:3 Crazy Yiuf


Innate Abilities, Weirdness & Mutations

You do not eat or drink.
Your flesh is vulnerable to fire.
Your flesh is cold resistant.
You are immune to negative energy.
Your system is resistant to poisons.
You are immune to unholy pain and torment.
You can survive without breathing.


Message History

You closely miss Crazy Yiuf.
Crazy Yiuf is heavily wounded.
Crazy Yiuf hits you with a quarterstaff of chaos.
You feel yourself slow down.
Your shield and scale mail prevent you from hitting Crazy Yiuf.
Crazy Yiuf is heavily wounded.
Crazy Yiuf hits you with a quarterstaff of chaos.
* * * LOW HITPOINT WARNING * * *
You closely miss Crazy Yiuf.
Crazy Yiuf is heavily wounded.
Crazy Yiuf hits you with a quarterstaff of chaos.
* * * LOW HITPOINT WARNING * * *
Your shield and scale mail prevent you from hitting Crazy Yiuf.
Crazy Yiuf is heavily wounded.
Crazy Yiuf hits you with a quarterstaff of chaos.
* * * LOW HITPOINT WARNING * * *
Crazy Yiuf burns you.
* * * LOW HITPOINT WARNING * * *
Crazy Yiuf hits you with a quarterstaff of chaos!
You die...

###################
+......[...........
###.#############..
#.# #.. #.# #..
♣♣♣##.## #..
♣♣♣♣##..# #.. .
♣♣♣♣.g@..# #.)
.....♣♣♣♣......#
### ♣..♣......##
♣♣♣.♣....##
♣♣♣♣♣♣### ♣♣♣♣♣♣#


You could see Crazy Yiuf.

Vanquished Creatures
  A jelly (D:1)
  A hound (D:1)
  Ijyb (D:3)
  6 adders
  A giant mite (D:2)
  5 gnolls
  2 worms
  2 ball pythons (D:1)
  2 giant cockroaches (D:1)
  13 goblins
  9 hobgoblins
  2 jackals (D:3)
  3 quokkas
  8 bats
  4 giant geckos
  4 giant newts
  A goblin skeleton (D:1)
  10 kobolds
  8 rats
83 creatures vanquished.

Notes
Turn   | Place    | Note
--------------------------------------------------------------
     0 | D:1      | Lilouch, the Mummy Fighter, began the quest for the Orb.
     0 | D:1      | Reached XP level 1. HP: 18/18 MP: 0/0
   129 | D:1      | Reached XP level 2. HP: 22/24 MP: 1/1
   758 | D:1      | Reached XP level 3. HP: 28/30 MP: 2/2
  2412 | D:1      | Reached XP level 4. HP: 34/36 MP: 3/3
  7244 | D:2      | Reached XP level 5. HP: 39/41 MP: 4/4
 13702 | D:1      | Noticed a centaur warrior
 17286 | D:3      | Noticed Ijyb
 17321 | D:3      | Killed Ijyb
 17321 | D:3      | Reached XP level 6. HP: 43/48 MP: 5/5
 17336 | D:3      | Noticed Crazy Yiuf
 17358 | D:3      | Slain by Crazy Yiuf

Action                   |  1- 3 |  4- 6 || total
-------------------------+-------+-------++-------
Melee: Falchion          |   128 |   264 ||   392
